 Dungeon Crawl Stone Soup version 0.29-a0-919-gd064cfad1c (webtiles) character file.

Game seed: 5727349894674405016

74 xian the Shooter (level 4, -5/26 HPs)
             Began as a Deep Elf Hunter on July 27, 2022.
             Was a Follower of Kikubaaqudgha.
             Killed from afar by Sigmund (7 damage)
             ... with a magic dart
             ... on level 3 of the Dungeon.
             The game lasted 00:05:32 (2066 turns).

xian the Shooter (Deep Elf Hunter)                  Turns: 2066, Time: 00:05:32

Health: -5/26      AC:  3    Str:  8    XL:     4   Next: 9%
Magic:  8/8        EV: 12    Int: 16    God:    Kikubaaqudgha [*.....]
Gold:   166        SH:  5    Dex: 18    Spells: 6/6 levels left

rFire   . . .      SeeInvis .   h - +3 dagger
rCold   . . .      Faith    .   (no shield)
rNeg    . . .      Spirit   .   c - +0 leather armour
rPois   .          Reflect  +   (no helmet)
rElec   .          Harm     .   (no cloak)
rCorr   +          Rampage  .   (no gloves)
Will    .....                   (no boots)
Stlth   ++........              e - amulet of reflection
HPRegen 0.08/turn               l - ring of resist corrosion
MPRegen 0.11/turn               (no ring)

@: no status effects
A: no striking features
a: Renounce Religion, Unearth Wretches


You were on level 3 of the Dungeon.
You worshipped Kikubaaqudgha.
Kikubaaqudgha was aware of your devotion.
You visited 1 branch of the dungeon, and saw 3 of its levels.

You collected 166 gold pieces.

Inventory:

Hand Weapons
 a - a +0 shortbow
 h - a +3 dagger (weapon)
Armour
 c - a +0 leather armour (worn)
Jewellery
 e - an amulet of reflection (around neck)
 l - a ring of resist corrosion (left hand)
 m - an amulet of magic regeneration
Scrolls
 b - 2 scrolls of immolation
 f - a scroll of teleportation
 i - a scroll of amnesia {unknown}
 j - 2 scrolls of enchant armour
 n - a scroll of blinking {unknown}
Potions
 d - a potion of heal wounds {unknown}
 g - a potion of haste {unknown}
 k - a potion of ambrosia {unknown}


   Skills:
 + Level 2.1 Fighting
 + Level 0.1 Short Blades
 + Level 6.2 Ranged Weapons
 + Level 0.7 Armour
 + Level 2.6 Dodging
 + Level 1.2 Stealth
 + Level 0.2 Shields
 * Level 1.8 Spellcasting


You had 6 spell levels left.
You didn't know any spells.
Your spell library contained the following spells:

 Spells                   Type           Power      Damage    Failure   Level
 Necrotise                Necr           4%         1d4       30%         1
 Sublimation of Blood     Necr           1%         N/A       41%         2
 Wereblood                Tmut           1%         N/A       41%         2
 Vampiric Draining        Necr           1%         2d6       65%         3
 Animate Dead             Necr           1%         N/A       96%         4
 Summon Hydra             Summ           0%         N/A       100%        7


Dungeon Overview and Level Annotations

Branches:
Dungeon (3/15)

Altars:
Kikubaaqudgha

Shops:
D:1 (

Annotations:
D:3 Jessica, Sigmund


Message History

Sigmund flickers and vanishes!
Deactivating autopickup; reactivate with Ctrl-A.
The adder barely misses you.
There is an open door here.
You hit the adder.
The adder is moderately wounded.
The adder misses you.
You hit the adder.
The adder is severely wounded.
The adder misses you. Something hits you. You block the adder's attack.
You hit the adder.
The adder is severely wounded.
The adder barely misses you.
You hit the adder.
You kill the adder!
Kikubaaqudgha accepts your kill. Something hits you!
* * * LOW HITPOINT WARNING * * *
You have reached level 4!
You feel clever.
You open the door.
A magic dart appears from out of thin air!
The magic dart hits you.
* * * LOW HITPOINT WARNING * * *
You hear some strange, mumbled words.
Something tries to affect you, but you resist.
There is an open door here.
You open the door.
You hear some strange, mumbled words.
Something tries to affect you, but you resist.
Jessica the Apprentice Sorceress comes into view.
She is wielding a +0 club.
There is an open door here.
Jessica shouts!
You hear some strange, mumbled words.
Something tries to affect you, but you resist.
A magic dart appears from out of thin air!
The magic dart hits you!
You die...
Kikubaaqudgha rasps: "You have failed me!
Welcome... death!"

#... ###..# ....#
#...# ...# ..#
#.# #@# # # #.#
.# #. #.#####.#
#.#######.......#
#...@...{.......#
#..'########'..##
#@.#........#..#
#..#.'####'.#..#
#..#.#..†.#.#....


There were no monsters in sight!

Vanquished Creatures
  3 adders
  3 endoplasms
  2 giant cockroaches (D:2)
  5 goblins
  4 hobgoblins (D:1)
  4 jackals (D:2)
  A quokka (D:2)
  3 ball pythons (D:1)
  7 bats
  4 frilled lizards
  7 kobolds
  4 rats
47 creatures vanquished.

Vanquished Creatures (others)
  4 plants (D:2)
4 creatures vanquished.

Grand Total: 51 creatures vanquished

Notes
Turn   | Place    | Note
-------+----------+-------------------------------------------
     0 | D:1      | xian the Deep Elf Hunter began the quest for the Orb.
     0 | D:1      | Reached XP level 1. HP: 12/12 MP: 3/3
   175 | D:1      | Reached XP level 2. HP: 17/17 MP: 5/5
   196 | D:1      | Reached skill level 1 in Spellcasting
   344 | D:1      | Found Tangumyu's Weapon Boutique.
   953 | D:2      | Reached XP level 3. HP: 19/21 MP: 6/6
  1398 | D:2      | Reached skill level 6 in Ranged Weapons
  1986 | D:2      | Found a faded altar of an unknown god.
  1996 | D:2      | Prayed at the altar of an unknown god.
  1996 | D:2      | Became a worshipper of Kikubaaqudgha
  1996 | D:2      | Reached * piety under Kikubaaqudgha
  1996 | D:2      | Received a gift from Kikubaaqudgha
  2031 | D:3      | Noticed Sigmund
  2051 | D:3      | Reached XP level 4. HP: 6/26 MP: 8/8
  2052 | D:3      | HP: 1/26 [something/magic dart (5)]
  2056 | D:3      | Noticed Jessica
  2066 | D:3      | Killed from afar by Sigmund

Illustrated notes

Levels and vault maps discovered:
D:1:      mrwooster_arrival_arrow, layout_loops_ring, serial_forest,
          infiniplex_forest_end_3, infiniplex_forest_clump_medium,
          infiniplex_forest_lined_room_, infiniplex_forest_diagonal,
          infiniplex_forest_lined_3, infiniplex_forest_straight_2,
          infiniplex_forest_corner_1, infiniplex_forest_straight_2,
          infiniplex_forest_clump_small, serial_shops, shop,
          corexii_corridor_pit, minmay_stone_trees_small
D:2:      layout_loops_ring, shapermc_ecumenical_altar_petra
D:3:      layout_loops_ring, kiku_gazebo_garden_becter, hex_large, minivault_11,
          uniq_jessica, uniq_sigmund

Skill      XL: |  1  2  3 |
---------------+----------+-----
Spellcasting   | 1 |  1.8
Fighting       | 2 |  2.1
Ranged Weapons | 6 |  6.2
Short Blades   | |  0.1
Armour         | |  0.7
Dodging        | |  2.6
Stealth        | |  1.2
Shields        | |  0.2

Action                   |  1- 3 |  4- 6 || total
-------------------------+-------+-------++-------
Melee: Dagger            |    25 |       ||    25
       Short sword       |    14 |       ||    14
       Punch             |     1 |       ||     1
 Fire: Shortbow          |   106 |       ||   106
  Use: Scroll            |     2 |       ||     2
Armor: Leather armour    |    22 |       ||    22
Dodge: Dodged            |    58 |       ||    58
Block: Other             |    25 |       ||    25

Table legend: (Time is in decaauts)
 A = Elapsed time spent in this place.
 B = Non-inter-level travel time spent in this place.
 C = Inter-level travel time spent in this place.
 D = Time resting spent in this place.
 E = Time spent auto-exploring this place.
 F = Levels seen in this place.
 G = Mean time per level.
                   A        B        C        D        E       F      G
               +--------+--------+--------+--------+--------+-----+--------+
         Total |   2093 |   2033 |     60 |      0 |   1666 |   3 |  697.7 |
       Dungeon |   2093 |   2033 |     60 |      0 |   1666 |   3 |  697.7 |
               +--------+--------+--------+--------+--------+-----+--------+

Top non-repeatable levels by time:
     D:2: 1161 daAuts
     D:1: 888 daAuts
     D:3: 43 daAuts
